 Dungeon Crawl Stone Soup version 0.31-b1-18-g61460d1e46 (webtiles) character file.

Game seed: 2423548323838252611

2678 Sobieck the Fighter (level 9, 0/105 HPs)
             Began as an Oni Berserker on Jan 16, 2024.
             Was an Elder of Trog.
             Slain by a yak (12 damage)
             ... on level 8 of the Dungeon.
             The game lasted 00:12:14 (7520 turns).

Sobieck the Fighter (Oni Berserker)                 Turns: 7520, Time: 00:12:14

Health: 0/105      AC:  6    Str: 33    XL:     9   Next: 64%
Magic:  9/9        EV: 10    Int:  8    God:    Trog [****..]
Gold:   410        SH:  0    Dex:  8    Spells: 8/8 levels left

rFire   . . .        s - +0 dire flail
rCold   . . .        (shield currently unavailable)
rNeg    . . .        r - +0 animal skin
rPois   +            (helmet restricted)
rElec   .            m - +2 cloak
rCorr   .            (gloves unavailable)
SInv    .            (boots unavailable)
Will    .....        (no amulet)
Stlth   +            o - ring of poison resistance
HPRegen 0.37/turn    f - +6 ring of strength
MPRegen 0.11/turn

%: no passive effects
@: no status effects
A: large, unfitting armour, horns 1, tough skin 1, double potion healing,
drunken brawling
a: Renounce Religion, Berserk, Trog's Hand, Brothers in Arms


You were on level 8 of the Dungeon.
You worshipped Trog.
Trog was greatly pleased with you.
You visited 1 branch of the dungeon, and saw 8 of its levels.

You collected 458 gold pieces.
You spent 48 gold pieces at shops.

Inventory:

Hand Weapons
 d - the +8 dagger of Irotima {venom, Will+ Stlth+}
   (You found it on level 2 of the Dungeon)

   Will+:     It increases your willpower.
   Stlth+:    It makes you more stealthy.
 p - a +0 giant spiked club
 s - a +0 dire flail (weapon)
 w - a +1 flail of draining
 y - a +0 giant club
Missiles
 j - 41 stones (quivered)
 k - 5 poisoned darts
 v - 2 javelins
Armour
 m - a +2 cloak (worn)
 r - a +0 animal skin (worn)
 t - a +0 cloak
Jewellery
 c - a ring of protection from cold
 f - a +6 ring of strength (right hand)
 h - a ring of fire
 n - a ring of positive energy
 o - a ring of poison resistance (left hand)
 G - a +6 ring of intelligence
Wands
 z - a wand of roots (17)
 E - a wand of charming (12)
Scrolls
 a - a scroll of acquirement {unknown}
 b - a scroll of blinking
 e - 2 scrolls of fear
 g - 2 scrolls of immolation
 l - a scroll of fog
 C - a scroll of amnesia {unknown}
 F - 2 scrolls of enchant weapon
 H - a scroll of poison
 R - 2 scrolls of identify
 T - 7 scrolls of teleportation
Potions
 i - a potion of attraction
 q - a potion of heal wounds {unknown}
 u - 2 potions of enlightenment {unknown}
 x - a potion of degeneration {unknown}
 A - a potion of magic {unknown}
 B - 2 potions of curing {unknown}
 D - 2 potions of haste {unknown}


   Skills:
 + Level 11.0 Fighting
 + Level 10.6 Maces & Flails
 - Level 2.6 Dodging


You had 8 spell levels left.
You didn't know any spells.
Your spell library was empty.

Dungeon Overview and Level Annotations

Branches:
Dungeon (8/15)             Temple (0/1) D:7
   Lair: D:8-11

Altars:
Dithmenos
Kikubaaqudgha
Sif Muna
Trog
Xom

Shops:
D:2 *

Annotations:
D:7 1 runed translucent door, DemonSlayer's ghost, novice DsEE


Innate Abilities, Weirdness & Mutations

You are too large for most types of armour.
You have a pair of small horns on your head.
You have tough skin. (AC +1)
You gain doubled healing and magic from potions.
Whenever you drink a healing potion, you attack all around you.


Message History

The yak is severely wounded.
The yak barely misses you.
Unknown command.
You barely miss the yak. You headbutt the yak, but do no damage.
The yak is severely wounded.
Unknown command.
You impale the yak!!
You kill the yak!
Trog accepts your kill.
Unknown command.
You bludgeon the yak!!
The yak is severely wounded.
The yak gores you!
Unknown command.
You sock the yak!
The yak is almost dead.
The yak gores you!
You barely miss the yak.
The yak is almost dead.
Unknown command.
You sock the yak!
You kill the yak!
Trog accepts your kill.
Your Fighting skill increases to level 11!
Unknown command.
You impale the yak!! Your headbutt misses the yak.
The yak is heavily wounded.
The yak gores you!
Unknown command.
You barely miss the yak. You headbutt the yak.
The yak is heavily wounded.
The yak gores you!
* * * LOW HITPOINT WARNING * * *
You barely miss the yak. You headbutt the yak.
The yak is severely wounded.
Unknown command.
You closely miss the yak.
The yak is severely wounded.
The yak gores you!
* * * LOW HITPOINT WARNING * * *
Unknown command.
You hit the yak but do no damage.
The yak is severely wounded.
The yak gores you.
* * * LOW HITPOINT WARNING * * *
Unknown command.
You closely miss the yak. You headbutt the yak.
The yak is severely wounded.
The yak gores you!
You die...

.....#####.....#.#.#.#
.....#####.....#.....#
.........#.#.......#####
#..#.### #..............
.....# #####...#.###
.....###.. #.........#
..)..........#....<..#
...#######.###.####.##.#
#### ........Y@......# #
.##.###.####.#### # #Y.
#?.# #..# #..# #..# #..#


You could see a yak.

Vanquished Creatures
  Grinder (D:4)
  4 yaks (D:8)
  Edmund (D:3)
  A water moccasin (D:7)
  An orc warrior (D:6)
  A black bear (D:5)
  2 ogres
  2 centaurs
  A phantom (D:6)
  A bullfrog (D:6)
  2 scorpions
  Blork the orc (D:4)
  3 howler monkeys (D:7)
  A jelly (D:5)
  4 orc priests
  2 bombardier beetles
  Crazy Yiuf (D:2)
  2 hounds
  A sleepcap (D:6)
  Ijyb (D:3)
  3 iguanas
  4 orc wizards
  7 gnolls
  2 adders
  3 white imps
  4 ufetubi
  5 dart slugs
  19 orcs
  3 ball pythons
  7 endoplasms
  8 goblins
  8 hobgoblins
  7 jackals
  4 quokkas
  4 bats
  6 frilled lizards
  5 kobolds
  4 rats
136 creatures vanquished.

Notes
Turn   | Place    | Note
-------+----------+-------------------------------------------
     0 | D:1      | Sobieck the Oni Berserker began the quest for the Orb.
     0 | D:1      | Reached XP level 1. HP: 24/24 MP: 1/1
    98 | D:1      | Found a faded altar of an unknown god.
   129 | D:1      | Reached XP level 2. HP: 21/33 MP: 2/2
   418 | D:1      | Reached XP level 3. HP: 35/41 MP: 3/3
   422 | D:1      | Reached ** piety under Trog
   889 | D:2      | Identified the +8 dagger of Irotima {venom, Will+ Stlth+}
   933 | D:2      | Reached skill level 5 in Fighting
  1027 | D:2      | Found a runed translucent door.
  1028 | D:2      | Noticed Crazy Yiuf
  1348 | D:2      | Found Xeenk's General Store.
  1351 | D:2      | Bought a scroll of fog for 48 gold pieces
  1454 | D:2      | Killed Crazy Yiuf
  1455 | D:2      | Reached XP level 4. HP: 12/50 MP: 4/4
  1616 | D:3      | You fall into a shaft and drop 3 floors!
  1626 | D:5      | Entered Level 5 of the Dungeon
  1753 | D:4      | Noticed a black bear
  1764 | D:5      | Killed a black bear
  1765 | D:5      | Reached skill level 6 in Fighting
  1765 | D:5      | Reached XP level 5. HP: 59/59 MP: 5/5
  1841 | D:5      | Found an ancient bone altar of Kikubaaqudgha.
  1989 | D:5      | Reached XP level 6. HP: 61/68 MP: 6/6
  2024 | D:4      | Reached skill level 7 in Fighting
  2221 | D:4      | Noticed Blork the orc
  2232 | D:4      | Killed Blork the orc
  2253 | D:3      | Found a shimmering altar of Xom.
  2259 | D:3      | Reached XP level 7. HP: 66/79 MP: 7/7
  2446 | D:3      | Reached skill level 6 in Maces & Flails
  2560 | D:3      | Noticed Ijyb
  2565 | D:3      | Killed Ijyb
  2615 | D:3      | Reached *** piety under Trog
  2699 | D:3      | Reached skill level 8 in Fighting
  3043 | D:4      | Noticed Edmund
  3057 | D:3      | Killed Edmund
  3298 | D:4      | Noticed Grinder
  3316 | D:4      | Paralysed by Grinder for 2 turns
  3322 | D:4      | Killed Grinder
  3323 | D:4      | Reached skill level 9 in Fighting
  3323 | D:4      | Reached XP level 8. HP: 51/92 MP: 8/8
  3559 | D:4      | Found a shimmering blue altar of Sif Muna.
  5011 | D:6      | Found a shadowy altar of Dithmenos.
  5037 | D:6      | Reached skill level 10 in Fighting
  5737 | D:6      | Reached skill level 9 in Maces & Flails
  6083 | D:7      | Found a runed translucent door.
  6085 | D:7      | Found a shimmering altar of Xom.
  6085 | D:7      | Noticed DemonSlayer's ghost (novice DsEE)
  6087 | D:7      | Noticed a +1 spear of chaos
  6113 | D:7      | Reached XP level 9. HP: 96/101 MP: 9/9
  6209 | D:7      | Found a staircase to the Ecumenical Temple.
  6577 | D:7      | Found a bloodstained altar of Trog.
  7191 | D:7      | Reached **** piety under Trog
  7515 | D:8      | Reached skill level 11 in Fighting
  7520 | D:8      | Slain by a yak

Illustrated notes

Levels and vault maps discovered:
D:1:      lightli_arrival_quake, layout_basic,
          hellmonk_ecumenical_altar_blasted, minmay_misc_feat_iff,
          dreamdust_wishing_well
D:2:      layout_basic, serial_shops, nicolae_shop_window_shopping,
          minmay_pentomino_o4, uniq_crazy_yiuf_cottage
D:3:      layout_loops_ring, brannock_xom_greatest_gift,
          minmay_increasing_density, uniq_ijyb
D:4:      layout_loops_cross, nicolae_sif_muna_condensation,
          serial_library_hellmonk_angled_corner, hangedman_decor_points,
          uniq_grinder, uniq_blork_the_orc, uniq_edmund
D:5:      layout_cave_pods, nicolae_kikubaaqudgha_miasma_corner
D:6:      layout_loops_cross, nicolae_dithmenos_shadow_blocks
D:7:      layout_basic, lightli_temple_of_fire,
          minmay_temple_entry_antechambers, ebering_ghost_xom
D:8:      layout_basic, serial_shops, kennysheep_mini_moat, grunt_livestock,
          corexii_corridor_pit, uniq_maggie

Skill      XL: |  1  2  3  4  5  6  7  8  9 |
---------------+----------------------------+-----
Fighting       | 5 6 7 9 10 11 | 11.0
Maces & Flails | 4 5 6 9 10 | 10.6
Dodging        | |  2.6

Action                     |  1- 3 |  4- 6 |  7- 9 || total
---------------------------+-------+-------+-------++-------
  Melee: Mace              |    61 |       |       ||    61
         Headbutt          |     9 |     6 |    38 ||    53
         Dagger            |    23 |    53 |       ||    76
         Dire flail        |       |     2 |   272 ||   274
         Flail             |       |       |     1 ||     1
  Throw: Stone             |       |     1 |    18 ||    19
 Invoke: Berserk           |       |     3 |     3 ||     6
    Use: Scroll            |     5 |     2 |     3 ||    10
   Stab: Sleeping          |     2 |     1 |       ||     3
 Armour: Animal skin       |    67 |    38 |   195 ||   300
  Dodge: Dodged            |    49 |    43 |   112 ||   204
